 Dungeon Crawl Stone Soup version 0.27.0-1-g7a089689b8 (webtiles) character file.

Game seed: 2823414064603997159

409 MajorAdolf the Covert (level 6, -3/58 HPs)
             Began as a Naga Wanderer on Aug 12, 2021.
             Slain by an ogre (27 damage)
             ... on level 4 of the Dungeon.
             The game lasted 00:09:16 (5270 turns).

MajorAdolf the Covert (Naga Wanderer)               Turns: 5270, Time: 00:09:16

Health: -3/58      AC:  5    Str: 12    XL:     6   Next: 89%
Magic:  6/6        EV:  9    Int: 16    God:
Gold:   230        SH:  0    Dex: 11    Spells: 3/6 levels left

rFire    . . .     SeeInvis +   b - +3 dagger
rCold    . . .     Faith    .   (no shield)
rNeg     . . .     Spirit   .   d - +0 robe
rPois    +         Reflect  .   (no helmet)
rElec    .         Harm     .   m - +1 cloak
rCorr    .         Rampage  .   (no gloves)
Will     .....                  (no barding)
Stlth    ++++......             j - amulet of regeneration
HPRegen  1.19/turn              (no ring)
MPRegen  0.10/turn              (no ring)

@: short of breath, very slow
A: AC +2, large, see invisible, deformed body, poison resistance, slowness 2,
spit poison 1, naga tail 1
a: Spit Poison


You were on level 4 of the Dungeon.
You visited 1 branch of the dungeon, and saw 4 of its levels.

You collected 230 gold pieces.

Inventory:

Hand Weapons
 a - a +0 club
 b - a +3 dagger (weapon)
 f - a +1 dagger
Armour
 d - a +0 robe (worn)
 m - a +1 cloak (worn)
Jewellery
 j - an amulet of regeneration (around neck)
 n - a +6 ring of dexterity
Scrolls
 i - a scroll of brand weapon {unknown}
Potions
 c - 4 potions of curing
 e - a potion of heal wounds
 g - a potion of lignification {unknown}
 h - 4 potions of ambrosia
 k - a potion of brilliance {unknown}
 l - a potion of mutation {unknown}
 o - a potion of resistance {unknown}


   Skills:
 + Level 4.7 Fighting
 + Level 9.2 Stealth
 - Level 4.2 Unarmed Combat
 + Level 0.5 Spellcasting
 + Level 0.6 Transmutations
 + Level 0.7 Fire Magic
 + Level 1.1 Poison Magic


You had 3 spell levels left.
You knew the following spells:

 Your Spells              Type           Power      Damage    Failure   Level
a - Ignite Poison         Fire/Tmut/Pois 3%         N/A       45%         3

Your spell library contained the following spells:

 Spells                   Type           Power      Damage    Failure   Level
 Conjure Flame            Conj/Fire      1%         6-21      52%         3
 Sticky Flame             Conj/Fire      1%         2d3       90%         4


Dungeon Overview and Level Annotations

Branches:
Dungeon (4/15)
 Temple: D:4-7

Altars:
Gozag
Hepliaklqana

Annotations:
D:3 exclusion: necrophage, Sigmund
D:4 exclusion: phantom


Innate Abilities, Weirdness & Mutations

Your serpentine skin is tough. (AC +2)
You have supernaturally acute eyesight. (SInv)
Armour fits poorly on your strangely shaped body.
Your system is resistant to poisons. (rPois)
You cover ground very slowly.
You can spit poison.
You have a snake-like lower body.


Message History

The hound skeleton bites you.
The hound skeleton bites you but does no damage.
You hit the hound skeleton.
The hound skeleton is heavily damaged.
The hound skeleton bites you but does no damage.
You hit the hound skeleton.
The hound skeleton is severely damaged.
The hound skeleton bites you but does no damage.
You hit the hound skeleton.
The hound skeleton is almost destroyed.
The hound skeleton closely misses you.
The hound skeleton bites you but does no damage.
You hit the hound skeleton.
You destroy the hound skeleton!
An ogre is nearby!
The splash of poison hits the ogre!
The ogre is moderately wounded.
The ogre shouts!
You have got your breath back.
Press: ? - help, Shift-Dir - straight line, f/p - ogre
Aim: an ogre, wielding a +0 giant club (moderately wounded)
The splash of poison hits the ogre!
The ogre is heavily wounded.
The ogre hits you with a +0 giant club!!
Unknown command.
You barely miss the ogre.
The ogre is heavily wounded.
The ogre hits you with a +0 giant club!!
You hit the ogre.
The ogre is severely wounded.
You have got your breath back.
The ogre closely misses you.
You hit the ogre but do no damage.
The ogre is severely wounded.
Press: ? - help, Shift-Dir - straight line, f/p - ogre
Aim: an ogre, wielding a +0 giant club (severely wounded)
The splash of poison hits the ogre.
The ogre is severely wounded.
The ogre hits you with a +0 giant club!!
You die...

...........#
#.###...
####.......#
##.#.### #.....###
#########.## #.....#
#.........# ##.#.##
#.#######.# ##.#.#
#.# #.# ##....#
##.## ##.## #.....#
######(..#####...###
#.....#
#..@O...........)..#
#.#.#.#
#.####...#####...#.#
#.#.#.# # ##.##
##.##.# #.#)#.#
#...######.##.#
#.#.#.#
#......#.>......##.#
#.....#
######O..#########..
#...### ##.## ##.
#...##### .. .
#........ #.# .


You could see an ogre.

Vanquished Creatures
  An ogre (D:4)
  A jelly (D:3)
  4 orc priests (D:3)
  An orc wizard (D:3)
  A hound zombie (D:3)
  A hound skeleton (D:4)
  5 adders
  A shadow imp (D:4)
  2 adder skeletons
  A worm (D:4)
  A dart slug (D:4)
  10 orcs
  5 endoplasms
  4 giant cockroaches
  2 hobgoblins
  6 jackals (D:1)
  6 ball pythons
  4 bats
  3 frilled lizards
  2 goblins
  6 kobolds
  3 rats
70 creatures vanquished.

Notes
Turn   | Place    | Note
-------+----------+-------------------------------------------
     0 | D:1      | MajorAdolf the Naga Wanderer began the quest for the Orb.
     0 | D:1      | MajorAdolf set off with the following items: a +0 club, a
                  | potion of berserk rage, 2 potions of curing, a +0 robe, a
                  | potion of heal wounds, a +0 dagger
     0 | D:1      | Reached XP level 1. HP: 19/19 MP: 1/1
    90 | D:1      | Reached skill level 6 in Stealth
   390 | D:1      | Reached XP level 2. HP: 25/26 MP: 2/2
  1392 | D:1      | Found a faded altar of an unknown god.
  1421 | D:1      | Reached XP level 3. HP: 33/33 MP: 3/3
  2077 | D:2      | Reached skill level 7 in Stealth
  2118 | D:2      | Reached XP level 4. HP: 39/42 MP: 4/4
  2714 | D:3      | Noticed a necrophage
  3078 | D:3      | Reached XP level 5. HP: 49/49 MP: 5/5
  3178 | D:3      | Reached skill level 8 in Stealth
  3492 | D:3      | Found a hazy altar of Hepliaklqana.
  3821 | D:3      | Reached XP level 6. HP: 57/57 MP: 6/6
  4321 | D:3      | Noticed Sigmund
  4382 | D:3      | Reached skill level 9 in Stealth
  4496 | D:4      | Learned a level 3 spell: Ignite Poison
  4749 | D:4      | Found an opulent altar of Gozag.
  5128 | D:4      | Reached skill level 1 in Poison Magic
  5270 | D:4      | Slain by an ogre

Illustrated notes

Levels and vault maps discovered:
D:1:      dpeg_arrival_oval, layout_loops_ring,
          shapermc_ecumenical_altar_flowoftime
D:2:      layout_basic
D:3:      layout_loops_ring, mainiacjoe_overflow_24_doors, uniq_sigmund
D:4:      layout_loops_ring, tgw_sif, nicolae_gozag_seed_capital

Skill      XL: |  1  2  3  4  5  6 |
---------------+-------------------+-----
Stealth        | 6 7 8 9 |  9.2
Fighting       | 3 4 |  4.7
Poison Magic   | 1 |  1.1
Unarmed Combat | |  4.2
Spellcasting   | |  0.5
Transmutations | |  0.6
Fire Magic     | |  0.7

Action                   |  1- 3 |  4- 6 || total
-------------------------+-------+-------++-------
Melee: Club              |    36 |       ||    36
       Dagger            |    33 |   150 ||   183
       Punch             |     1 |     3 ||     4
 Abil: Spit Poison       |    28 |    44 ||    72
  Use: Potion            |       |     1 ||     1
       Scroll            |       |     5 ||     5
 Stab: Sleeping          |     3 |     2 ||     5
Armor: Robe              |    18 |    34 ||    52
Dodge: Dodged            |    47 |    81 ||   128
